 Dungeon Crawl Stone Soup version 0.20-b1 (webtiles) character file.

410 Klosterheim the Ruffian (level 6, -7/62 HPs)
             Began as a Troll Monk on May 19, 2017.
             Mangled by a wyvern (15 damage)
             ... on level 4 of the Dungeon.
             The game lasted 00:04:03 (2957 turns).

Klosterheim the Ruffian (Troll Monk)                Turns: 2957, Time: 00:04:03

Health: -7/62      AC:  7    Str: 25    XL:     6   Next: 58%
Magic:  5/5        EV: 10    Int:  6    God:
Gold:   125        SH:  0    Dex: 12    Spells: 5/5 levels left

rFire    . . .     SeeInvis .     - Unarmed
rCold    . . .     Gourm    +   (no shield)
rNeg     . . .     Faith    .   a - +0 robe
rPois    .         Spirit   .   (helmet restricted)
rElec    .         Reflect  .   c - +1 cloak
rCorr    .         Harm     .   (gloves unavailable)
MR       +....                  (boots unavailable)
Stlth    ++........             (no amulet)
Regen    0.6/turn               m - +3 ring of strength
MPRegen  0.1/turn               p - ring of protection from magic

@: no status effects
A: unfitting armour, claws 3, fast metabolism 3, gourmand, regeneration 1,
shaggy fur 1, tough skin 2
a: no special abilities


You were on level 4 of the Dungeon.
You were completely stuffed.

You visited 1 branch of the dungeon, and saw 4 of its levels.

You collected 125 gold pieces.

Inventory:

Armour
 a - a +0 robe (worn)
 c - a +1 cloak (worn)
Jewellery
 d - a +2 ring of dexterity {unknown}
 m - a +3 ring of strength (left claw)
 p - a ring of protection from magic (right claw)
Wands
 q - a wand of acid (9/15)
Scrolls
 e - a scroll of recharging {unknown}
 h - 4 scrolls of enchant weapon {unknown}
 i - 4 scrolls of teleportation {unknown}
 j - a scroll of blinking {unknown}
 k - a scroll of enchant armour {unknown}
 l - a scroll of fear {unknown}
 n - 3 scrolls of identify {unknown}
 o - a scroll of remove curse {unknown}
Comestibles
 b - 3 bread rations
 f - a royal jelly
 r - a chunk of flesh


   Skills:
 + Level 4.0 Fighting
 - Level 2.4 Dodging
 - Level 1.0 Stealth
 * Level 6.4 Unarmed Combat


You had 5 spell levels left.
You didn't know any spells.

Dungeon Overview and Level Annotations

Branches:
Dungeon (4/15)
 Temple: D:4-7

Altars:
Okawaru
Ru
Trog
The Shining One


Innate Abilities, Weirdness & Mutations

You are too large for most types of armour.
You have claws for hands.
Your metabolism is lightning-fast.
You like to eat raw meat.
Your natural rate of healing is unusually fast.
You are covered in fur. (AC +1)
You have very tough skin. (AC +2)


Message History

The wyvern closely misses you. The worm bites you.
You barely miss the wyvern.
The wyvern is moderately wounded.
The wyvern bites you!!
You are too injured to fight recklessly!
You are too injured to fight recklessly!
You are too injured to fight recklessly!
You are too injured to fight recklessly!
You are too injured to fight recklessly!
You are too injured to fight recklessly!
You are too injured to fight recklessly!
You are too injured to fight recklessly!
You feel better. The wyvern bites you! The wyvern closely misses you.
The worm bites you but does no damage.
You feel better. The wyvern bites you!
* * * LOW HITPOINT WARNING * * *
You feel better. The wyvern bites you!
* * * LOW HITPOINT WARNING * * *
The wyvern bites you!
You die...

##### ##?..##
####.....# ##
.........###########.
#................#
##..........###.##
#@.########....##
>.....wl.# #####.##
#####.....# #...#
........#########....
###...................
##...#########......
##..# #...... #..#
###)... #######....


You could see a wyvern and a worm.

Vanquished Creatures
  A phantom (D:4)
  A scorpion (D:4)
  Crazy Yiuf (D:2)
  Natasha (thrice) (D:3)
  A worker ant (D:4)
  Robin (D:3)
  A gnoll (D:1)
  4 adders
  An ooze (D:3)
  A worm (D:2)
  A dart slug (D:2)
  3 orcs
  A ball python (D:2)
  6 bats
  2 giant cockroaches
  11 goblins
  9 hobgoblins
  11 jackals
  3 quokkas
  5 frilled lizards
  7 kobolds
  5 rats
79 creatures vanquished.

Notes
Turn   | Place    | Note
-------+----------+-------------------------------------------
     0 | D:1      | Klosterheim the Troll Monk began the quest for the Orb.
     0 | D:1      | Reached XP level 1. HP: 22/22 MP: 0/0
   112 | D:1      | Reached XP level 2. HP: 29/29 MP: 1/1
   384 | D:1      | Reached XP level 3. HP: 36/36 MP: 2/2
   387 | D:1      | Reached skill level 4 in Unarmed Combat
   768 | D:2      | Found a sacrificial altar of Ru.
  1079 | D:2      | Reached XP level 4. HP: 45/45 MP: 3/3
  1298 | D:2      | Found a runed door.
  1411 | D:2      | Found a glowing golden altar of the Shining One.
  1505 | D:2      | Noticed Crazy Yiuf
  1513 | D:2      | Killed Crazy Yiuf
  1665 | D:3      | Noticed Natasha
  1679 | D:3      | HP: 1/45 [Natasha (6)]
  1682 | D:3      | Killed Natasha
  1682 | D:3      | Reached skill level 5 in Unarmed Combat
  1688 | D:3      | Noticed Natasha
  1743 | D:3      | Reached XP level 5. HP: 53/53 MP: 4/4
  1753 | D:3      | HP: 2/53 [white imp/puff of frost[Natasha] (5)]
  1754 | D:3      | Killed Natasha
  1914 | D:3      | Noticed Robin
  1994 | D:3      | Killed Robin
  2134 | D:3      | Noticed Natasha
  2140 | D:3      | Killed Natasha
  2563 | D:3      | Found a bloodstained altar of Trog.
  2615 | D:4      | Noticed a phantom
  2619 | D:4      | Killed a phantom
  2619 | D:4      | Reached skill level 6 in Unarmed Combat
  2619 | D:4      | Reached XP level 6. HP: 58/62 MP: 5/5
  2663 | D:4      | Found an iron altar of Okawaru.
  2948 | D:4      | Noticed a wyvern
  2957 | D:4      | Mangled by a wyvern

Skill      XL: |  1  2  3  4  5  6 |
---------------+-------------------+-----
Unarmed Combat | 4 5 6 |  6.4
Fighting       | 3 4 |  4.0
Dodging        | |  2.4
Stealth        | |  1.0

Action                   |  1- 3 |  4- 6 || total
-------------------------+-------+-------++-------
Melee: Unarmed           |    92 |   139 ||   231
       Punch             |       |     9 ||     9
  Use: Potion            |       |     6 ||     6
 Stab: Sleeping          |       |     1 ||     1
  Eat: Chunk             |    15 |    18 ||    33
Armor: Robe              |    37 |    49 ||    86
Dodge: Dodged            |    41 |    84 ||   125
